 Dungeon Crawl Stone Soup version 0.26.1-2-gb8aa6d0cf2 (webtiles) character file.

Game seed: 17818331614749250966

707 kreisler the Covert (level 7, -8/46 HPs)
             Began as an Octopode Brigand on Mar 31, 2021.
             Mangled by an ice beast (12 damage)
             ... on level 5 of the Dungeon.
             The game lasted 00:11:34 (5308 turns).

kreisler the Covert (Octopode Brigand)              Turns: 5308, Time: 00:11:35

Health: -8/46      AC:  1    Str: 17    XL:     7   Next: 67%
Magic:  7/7        EV: 14    Int: 13    God:
Gold:   208        SH:  0    Dex: 15    Spells: 6/6 levels left

rFire    + . .     SeeInvis .   a - +5 dagger
rCold    . . .     Faith    .   (no shield)
rNeg     . . .     Spirit   .   (helmet restricted)
rPois    .         Reflect  .   (no amulet)
rElec    .         Harm     .   g - ring of protection from fire
rCorr    .         Rampage  .   i - +6 ring of strength
Will     .....                  (no ring)
Stlth    +++++.....             (no ring)
HPRegen  0.15/turn              (no ring)
MPRegen  0.10/turn              (no ring)
                                (no ring)
                                (no ring)

@: no status effects
A: almost no armour, stealthy swim, amphibious, 8 rings, constrict 8, camouflage
1, gelatinous body 1
a: no special abilities


You were on level 5 of the Dungeon.
You visited 1 branch of the dungeon, and saw 5 of its levels.

You collected 208 gold pieces.

Inventory:

Hand Weapons
 a - a +5 dagger (weapon)
Missiles
 b - 13 poisoned darts (quivered)
 c - 2 curare-tipped darts
Jewellery
 g - a ring of protection from fire (left tentacle)
 i - a +6 ring of strength (right tentacle)
Wands
 d - a wand of digging (4)
Scrolls
 f - 6 scrolls of identify
 j - 3 scrolls of teleportation
 k - a scroll of enchant weapon
 l - 2 scrolls of remove curse
 n - a scroll of magic mapping
Potions
 e - 4 potions of heal wounds
 h - a potion of curing


   Skills:
 + Level 3.3 Fighting
 + Level 4.1 Short Blades
 + Level 2.7 Throwing
 + Level 2.3 Dodging
 + Level 10.0 Stealth


You had 6 spell levels left.
You didn't know any spells.
Your spell library was empty.

Dungeon Overview and Level Annotations

Branches:
Dungeon (5/15)
 Temple: D:4-7

Altars:
Cheibriados
Okawaru


Innate Abilities, Weirdness & Mutations

You cannot wear most types of armour.
You are very stealthy in the water. (Stealth+)
You are amphibious.
You can wear up to eight rings at the same time.
You can use your tentacles to constrict eight enemies at once.
Your skin changes colour to match your surroundings (Stealth+).
Your rubbery body absorbs attacks. (AC +1, EV +1)


Message History

Your +3 dagger glows red for a moment.
As you read the scroll of enchant weapon, it crumbles to dust.
Your +4 dagger glows red for a moment.
You closely miss the ice beast. The ice beast hits you.
The ice beast freezes you!
You hit the ice beast. You squeeze the ice beast.
The ice beast is lightly wounded.
The ice beast misses you.
You puncture the ice beast!
The ice beast is heavily wounded.
The ice beast hits you. The ice beast freezes you!
* * * LOW HITPOINT WARNING * * *
You hit the ice beast.
The ice beast is severely wounded.
You closely miss the ice beast.
The ice beast is severely wounded.
The ice beast hits you.
* * * LOW HITPOINT WARNING * * *
The ice beast freezes you!
You die...

..# ..# ... #.#
#. #.#
.####.###.#
......#...#
#........@#
#.......Y.#
..........#
#........#
+........#
##........###+###
............)....
.........^###.#..
#.!....<..#


You could see an ice beast.

Vanquished Creatures
  Sigmund (D:4)
  An ice beast (D:5)
  A scorpion (D:4)
  A jelly (D:5)
  An orc priest (D:3)
  A bullfrog skeleton (D:4)
  A centaur skeleton (D:4)
  2 orc wizards (D:3)
  A hound skeleton (D:4)
  2 worker ant zombies (D:4)
  6 adders
  2 gnolls (D:2)
  2 howler monkey skeletons
  3 oozes
  An adder zombie (D:4)
  A worm (D:3)
  2 dart slugs
  11 orcs
  5 bats
  3 giant cockroaches (D:1)
  7 hobgoblins
  2 jackals (D:2)
  A quokka (D:4)
  A ball python (D:4)
  3 frilled lizards
  A giant cockroach zombie (D:4)
  7 goblins
  7 kobolds
  3 rats
80 creatures vanquished.

Vanquished Creatures (others)
  2 withered plants (D:4)
2 creatures vanquished.

Grand Total: 82 creatures vanquished

Notes
Turn   | Place    | Note
-------+----------+-------------------------------------------
     0 | D:1      | kreisler the Octopode Brigand began the quest for the Orb.
     0 | D:1      | Reached XP level 1. HP: 14/14 MP: 1/1
   176 | D:1      | Reached skill level 6 in Stealth
   176 | D:1      | Reached XP level 2. HP: 14/19 MP: 2/2
   868 | D:1      | Reached XP level 3. HP: 24/24 MP: 3/3
  1656 | D:2      | Reached skill level 7 in Stealth
  1888 | D:2      | Reached XP level 4. HP: 11/29 MP: 4/4
  1900 | D:2      | Found an iron altar of Okawaru.
  2461 | D:3      | Reached skill level 8 in Stealth
  2461 | D:3      | Reached XP level 5. HP: 5/34 MP: 5/5
  4095 | D:4      | Reached XP level 6. HP: 18/41 MP: 6/6
  4507 | D:4      | Reached skill level 9 in Stealth
  4662 | D:4      | Found a snail-covered altar of Cheibriados.
  4697 | D:4      | Noticed Sigmund
  4706 | D:4      | Killed Sigmund
  4707 | D:4      | Reached XP level 7. HP: 17/46 MP: 7/7
  5176 | D:5      | Entered Level 5 of the Dungeon
  5186 | D:5      | Reached skill level 10 in Stealth
  5308 | D:5      | Mangled by an ice beast

Illustrated notes

Levels and vault maps discovered:
D:1:      sevenhm_arrival_forest_fort_small_5, layout_basic
D:2:      layout_basic, okawaru_altar_gauntlet_db
D:3:      layout_basic
D:4:      layout_rooms, lemuel_round_altar, serial_undead, serial_undead_d,
          serial_undead_c, serial_undead_e, serial_undead_e,
          portal_sewer_entry_d, uniq_sigmund
D:5:      layout_basic, basic_altar, uniq_duvessa, uniq_grinder

Skill      XL: |  1  2  3  4  5  6  7 |
---------------+----------------------+-----
Stealth        | 6 7 8 9 10 | 10.0
Short Blades   | 3 4 |  4.1
Fighting       | 3 |  3.3
Dodging        | 2 |  2.3
Throwing       | |  2.7

Action                   |  1- 3 |  4- 6 |  7- 9 || total
-------------------------+-------+-------+-------++-------
Melee: Dagger            |    54 |   108 |    27 ||   189
       Constrict         |     8 |    26 |     4 ||    38
       Tentacles         |     5 |    27 |     9 ||    41
Throw: Dart              |     4 |     5 |       ||     9
  Use: Potion            |     2 |     2 |     1 ||     5
       Scroll            |     1 |     4 |     4 ||     9
 Stab: Sleeping          |    15 |     6 |     4 ||    25
Armor: Skin              |     6 |     5 |     1 ||    12
Dodge: Dodged            |    28 |    55 |     9 ||    92
